 Dungeon Crawl Stone Soup version 0.30-a0-1112-gfb780f5df6 (webtiles) character file.

Game seed: 12570551586755603648

2360 NinjaNoafa the Magician (level 9, -2/62 HPs)
             Began as a Purple Draconian Fire Elementalist on Apr 19, 2023.
             Was a Follower of Vehumet.
             Killed by an exploding water moccasin (37 damage)
             ... ignited by their inner flame
             ... on level 8 of the Dungeon.
             The game lasted 00:13:38 (7212 turns).

NinjaNoafa the Magician (DrFE)                      Turns: 7212, Time: 00:13:38

Health: -2/62      AC: 11    Str: 10    XL:     9   Next: 21%
Magic:  6/19       EV: 11    Int: 20    God:    Vehumet [*.....]
Gold:   404        SH:  7    Dex: 12    Spells: 9/22 levels left

rFire   . . .      SeeInvis .    a - +0 dagger (vamp)
rCold   . . .      Faith    +    A - +2 buckler
rNeg    . . .      Spirit   .    (body armour unavailable)
rPois   .          Reflect  .    (helmet restricted)
rElec   .          Rampage  .    (no cloak)
rCorr   .                        i - +2 pair of gloves
Will    +....                    D - +0 pair of boots
Stlth   ++                       z - amulet of faith
HPRegen 0.30/turn                (no ring)
MPRegen 0.16/turn                (no ring)

@: no status effects
A: breathe power, AC +7, unfitting armour, cold-blooded
a: Breathe Dispelling Energy, Renounce Religion


You were on level 8 of the Dungeon.
You worshipped Vehumet.
Vehumet was aware of your devotion.
You visited 2 branches of the dungeon, and saw 9 of its levels.

You collected 558 gold pieces.
You spent 154 gold pieces at shops.

Inventory:

Hand Weapons
 a - a +0 vampiric dagger (weapon)
 b - a +0 whip of venom
Missiles
 s - 5 poisoned darts
 u - 4 curare-tipped darts
 w - 4 boomerangs
 G - 3 silver boomerangs
 I - 3 atropa-tipped darts
Armour
 i - a +2 pair of gloves (worn)
 A - a +2 buckler (worn)
 D - a +0 pair of boots (worn)
Jewellery
 z - an amulet of faith (around neck)
Wands
 e - a wand of flame (5)
 h - a wand of polymorph (9)
Scrolls
 c - a scroll of silence
 g - a scroll of butterflies
 k - 4 scrolls of fear
 n - a scroll of fog {unknown}
 o - 4 scrolls of immolation
 q - 2 scrolls of blinking {unknown}
 v - 3 scrolls of teleportation {unknown}
 x - a scroll of magic mapping {unknown}
 B - a scroll of vulnerability {unknown}
 C - a scroll of poison {unknown}
Potions
 d - 2 potions of curing
 f - 2 potions of magic
 j - 2 potions of flight
 l - 2 potions of invisibility {unknown}
 m - a potion of ambrosia {unknown}
 p - 3 potions of lignification {unknown}
 r - 2 potions of brilliance
 t - a potion of mutation {unknown}
 E - 2 potions of heal wounds
 F - a potion of might
 H - a potion of berserk rage {unknown}


   Skills:
 - Level 1.7 Dodging
 - Level 1.7 Stealth
 + Level 3.8 Shields
 - Level 7.0 Spellcasting
 - Level 5.0 Conjurations
 + Level 3.3 Hexes
 + Level 4.6 Translocations
 - Level 7.0 Fire Magic


You had 9 spell levels left.
You knew the following spells:

 Your Spells              Type           Power      Damage    Failure   Level
a - Flame Wave            Conj/Fire      31%        2d9       10%         4
b - Scorch                Fire           70%        2d8       1%          2
c - Volatile Blastmotes   Fire/Tloc      60%        2d15      3%          3
d - Inner Flame           Hex/Fire       27%        N/A       4%          3
e - Foxfire               Conj/Fire      100%       2x1d9     1%          1

Your spell library contained the following spells:

 Spells                   Type           Power      Damage    Failure   Level
 Sandblast                Erth           14%        2d6       12%         1
 Lesser Beckoning         Tloc           50%        N/A       2%          2
 Kiss of Death            Conj/Necr      68%        2d10      4%          1
 Gell's Gravitas          Tloc           25%        N/A       5%          3
 Teleport Other           Tloc           25%        N/A       5%          3
 Ensorcelled Hibernation  Hex/Ice        26%        N/A       9%          2
 Confusing Touch          Hex            20%        N/A       9%          3
 Hailstorm                Conj/Ice       17%        3d6       13%         3
 Cigotuvi's Dreadful Rot  Necr/Pois/Air  14%        N/A       19%         2
 Passwall                 Tmut/Erth      5%         N/A       19%         2
 Swiftness                Air            7%         N/A       34%         3
 Dispel Undead            Necr           7%         3d8       75%         4
 Ice Form                 Ice/Tmut       7%         N/A       75%         4
 Death Channel            Necr           3%         N/A       100%        6
 Simulacrum               Ice/Necr       3%         N/A       100%        6


Dungeon Overview and Level Annotations

Branches:
Dungeon (8/15)             Temple (1/1) D:6            Lair (0/5) D:8

Altars:
Ashenzari
Cheibriados
Dithmenos
Elyvilon
Fedhas
Gozag
Hepliaklqana
Kikubaaqudgha
Makhleb
Nemelex Xobeh
Okawaru
Qazlal
Ru
Sif Muna
Trog
Uskayaw
Vehumet
Wu Jian
Xom
Yredelemnul
Zin
The Shining One

Shops:
D:2 ?

Annotations:
D:4 3 runed translucent doors, dufus's ghost, amateur GnMo


Innate Abilities, Weirdness & Mutations

You can breathe bolts of dispelling energy.
Your rich purple scales are hard. (AC +7)
You cannot fit into any form of body armour.
You are cold-blooded and may be slowed by cold attacks.


Message History

A water moccasin is nearby!
The water moccasin hisses angrily.
Casting: Flame Wave (dangerous; 10% risk of failure)
Confirm with . or Enter, or press ? or * to list all spells.
Flames lash the water moccasin.
The water moccasin is moderately wounded.
The water moccasin's fire resistance burns away.
You block the water moccasin's attack.
Casting: Scorch (safe; 1% risk of failure)
Confirm with . or Enter, or press ? or * to list all spells.
Aiming: Inner Flame (dangerous; 4% risk of failure)
Press: ? - help, Dir - move target, f - water moccasin
Aim: a water moccasin (moderately wounded, more vulnerable to fire, chance to affect: 82%)
The water moccasin is filled with an inner flame.
The water moccasin bites you but does no damage.
Casting: Inner Flame (dangerous; 4% risk of failure)
Confirm with . or Enter, or press ? or * to list all spells.
A cloud of volatile blastmotes flares up around you!
The water moccasin is no longer more vulnerable to fire.
The water moccasin completely misses you.
The water moccasin bites you.
The cloud of blastmotes explodes!
The concussive blast engulfs the water moccasin!
Flame seeps out of the water moccasin.
The water moccasin is severely wounded.
The concussive blast engulfs you!
You are knocked back by the blast.
The water moccasin is engulfed in blazing flames.
Flame seeps out of the water moccasin.
Casting: Volatile Blastmotes (dangerous; 3% risk of failure)
Confirm with . or Enter, or press ? or * to list all spells.
A cloud of volatile blastmotes flares up around you!
The water moccasin bites you but does no damage.
The cloud of blastmotes explodes!
The concussive blast engulfs the water moccasin!
Vehumet accepts your kill.
You feel your power returning. The concussive blast engulfs you!
The water moccasin explodes!
The fiery explosion engulfs you!!!
Ouch! That really hurt!
You die...

.#.........#...#~~...~.⌠~.
.........# #...#~~.)~..~⌠.
.#######.# #...#~~..~..~..
#.# #...##~...~~.[~ #.#
#...###.......~ #.# #...#
#........ #§#
#...###...)....
#§########...))....
#§@...........)....
##########.....####
#.###.# #.#.# #.# #.#.#
#.# #.#.# #.# #.#.###.####
#.#.........
#######.#####.####


There were no monsters in sight!

Vanquished Creatures
  Maggie (D:7)
  Menkaure (D:7)
  A water moccasin (D:8)
  A sky beast (D:8)
  An ice beast (D:5)
  3 ogres
  2 phantoms
  4 scorpions
  4 jellies
  7 killer bees (D:8)
  An electric eel (D:8)
  A hound (D:6)
  An orc priest (D:4)
  2 gnoll boudas (D:6)
  2 iguanas
  2 orc wizards
  15 gnolls
  14 adders
  2 shadow imps
  A white imp (D:7)
  3 ufetubi
  3 worms (D:3)
  33 orcs
  7 endoplasms
  A giant cockroach (D:3)
  9 goblins
  3 hobgoblins
  3 jackals (D:3)
  5 quokkas
  7 ball pythons
  6 bats
  6 frilled lizards
  10 kobolds
  3 rats
165 creatures vanquished.

Vanquished Creatures (others)
  335 foxfires
  6 plants (D:4)
341 creatures vanquished.

Grand Total: 506 creatures vanquished

Notes
Turn   | Place    | Note
-------+----------+-------------------------------------------
     0 | D:1      | NinjaNoafa the Draconian Fire Elementalist began the quest
                  | for the Orb.
     0 | D:1      | Reached XP level 1. HP: 14/14 MP: 3/3
   119 | D:1      | Reached XP level 2. HP: 20/20 MP: 0/5
  1069 | D:2      | Reached XP level 3. HP: 24/26 MP: 6/6
  1072 | D:2      | Learned a level 2 spell: Scorch
  1096 | D:2      | Found a faded altar of an unknown god.
  1328 | D:2      | Found The Oracle's Delphic Readings.
  1332 | D:2      | Bought a scroll of immolation for 44 gold pieces
  1332 | D:2      | Bought a scroll of identify for 22 gold pieces
  1332 | D:2      | Bought a scroll of fear for 44 gold pieces
  1332 | D:2      | Bought a scroll of immolation for 44 gold pieces
  1740 | D:3      | Reached XP level 4. HP: 33/33 MP: 0/8
  2364 | D:4      | Reached XP level 5. HP: 24/38 MP: 1/9
  2475 | D:4      | HP: 1/38 [orc priest/+0 hand axe (7)]
  2735 | D:4      | Noticed a phantom
  2739 | D:4      | Killed a phantom
  2740 | D:4      | Reached XP level 6. HP: 45/45 MP: 4/11
  2793 | D:4      | Found a runed translucent gate.
  2793 | D:4      | Found a runed translucent gate.
  2794 | D:4      | Found a runed translucent gate.
  2794 | D:4      | Noticed dufus's ghost (amateur GnMo)
  2952 | D:4      | Found a bloodstained altar of Trog.
  3302 | D:4      | Reached skill level 5 in Fire Magic
  3455 | D:5      | Entered Level 5 of the Dungeon
  3853 | D:5      | Your scales start taking on a rich purple colour.
  3853 | D:5      | Reached skill level 5 in Spellcasting
  3853 | D:5      | Reached XP level 7. HP: 32/50 MP: 8/14
  4256 | D:5      | Reached skill level 5 in Conjurations
  4373 | D:5      | Learned a level 3 spell: Volatile Blastmotes
  4780 | D:6      | Reached skill level 1 in Translocations
  4929 | D:6      | Reached XP level 8. HP: 46/57 MP: 10/17
  5391 | D:6      | Found a staircase to the Ecumenical Temple.
  5521 | Temple   | Entered the Ecumenical Temple
  5521 | Temple   | Noticed a sixfirhy
  5521 | Temple   | Noticed an ice devil
  5522 | Temple   | Noticed Jejeuhoo the pandemonium lord
  5522 | Temple   | Noticed Sacwowk the pandemonium lord
  5550 | Temple   | Noticed a hellion
  5552 | Temple   | Noticed Cougak the pandemonium lord
  5579 | Temple   | Became a worshipper of Vehumet
  5598 | Temple   | Noticed Lommure the pandemonium lord
  5598 | Temple   | Noticed a rust devil
  5599 | Temple   | Noticed an Executioner
  5606 | Temple   | Noticed an orange demon
  5613 | Temple   | Noticed an Ice Fiend
  5614 | Temple   | Noticed Hejuduot the pandemonium lord
  5626 | Temple   | Noticed a Tzitzimitl
  5628 | Temple   | Noticed Olaiz the pandemonium lord
  5630 | Temple   | Noticed an Ice Fiend
  5633 | Temple   | Noticed a Brimstone Fiend
  5952 | D:7      | Reached skill level 1 in Shields
  6125 | D:7      | Noticed Maggie
  6126 | D:7      | Noticed Menkaure
  6217 | D:6      | Learned a level 3 spell: Inner Flame
  6259 | D:7      | Killed Maggie
  6260 | D:7      | Reached skill level 1 in Hexes
  6276 | D:7      | Killed Menkaure
  6532 | D:8      | Reached XP level 9. HP: 58/62 MP: 6/19
  6683 | D:8      | Found a staircase to the Lair.
  6762 | D:8      | Reached * piety under Vehumet
  6762 | D:8      | Offered knowledge of Sandblast by Vehumet.
  6768 | D:8      | Learned a level 4 spell: Flame Wave
  7212 | D:8      | Killed by an exploding water moccasin... ignited by their
                  | inner flame

Illustrated notes

Levels and vault maps discovered:
D:1:      dpeg_arrival_orchard, layout_loops_ring,
          chequers_serial_rivers_large_a
D:2:      layout_basic, ebering_ecumenical_altar_box,
          nicolae_nh_oracle_at_delphi
D:3:      layout_loops_ring, minmay_cupped
D:4:      layout_loops_corners, lightli_temple_of_fire,
          ebering_ghost_rock_garden, serial_bayou_pond_b,
          minmay_misc_feat_tower, hangedman_decor_diamond_cutter
D:5:      layout_loops_corners, glass_columns_b
D:6:      layout_loops_ring, minmay_temple_entry_crystal_x
D:7:      layout_gridville, uniq_menkaure, uniq_maggie
D:8:      cheibrodos_helix_gallery, layout_basic, lair_entry_dummy
Temple:   nicolae_temple_panitentiary

Skill      XL: |  1  2  3  4  5  6  7  8  9 |
---------------+----------------------------+-----
Conjurations   | 2 3 4 5 |  5.0
Spellcasting   | 3 5 6 7 |  7.0
Fire Magic     | 4 5 6 7 |  7.0
Translocations | 1 4 |  4.6
Shields        | 3 |  3.8
Hexes          | 2 3 |  3.3
Dodging        | |  1.7
Stealth        | |  1.7

Action                     |  1- 3 |  4- 6 |  7- 9 || total
---------------------------+-------+-------+-------++-------
  Melee: Dagger            |    11 |    18 |    19 ||    48
         Whip              |     2 |    22 |     7 ||    31
         Tailslap          |     1 |     6 |     3 ||    10
   Cast: Foxfire           |    48 |    87 |    71 ||   206
         Scorch            |     6 |    18 |    45 ||    69
         Volatile Blastmot |       |       |    19 ||    19
         Inner Flame       |       |       |     7 ||     7
         Flame Wave        |       |       |     2 ||     2
Ability: Breathe Dispellin |       |       |    13 ||    13
    Use: Scroll            |       |     4 |     6 ||    10
         Potion            |       |     3 |     2 ||     5
 Armour: Skin              |    10 |    30 |    33 ||    73
  Dodge: Dodged            |    12 |    39 |    45 ||    96
  Block: Buckler           |       |       |    15 ||    15

Table legend: (Time is in decaauts)
 A = Elapsed time spent in this place.
 B = Non-inter-level travel time spent in this place.
 C = Inter-level travel time spent in this place.
 D = Time resting spent in this place.
 E = Time spent auto-exploring this place.
 F = Levels seen in this place.
 G = Mean time per level.
                   A        B        C        D        E       F      G
               +--------+--------+--------+--------+--------+-----+--------+
         Total |   7206 |   6709 |    497 |    829 |   4500 |   9 |  800.7 |
       Dungeon |   7068 |   6606 |    462 |    829 |   4414 |   8 |  883.5 |
        Temple |    137 |    102 |     35 |      0 |     86 |   1 |  137.0 |
               +--------+--------+--------+--------+--------+-----+--------+

Top non-repeatable levels by time:
     D:4: 1231 daAuts
     D:5: 1178 daAuts
     D:6: 984 daAuts
     D:2: 860 daAuts
     D:7: 745 daAuts
     D:1: 706 daAuts
     D:8: 695 daAuts
     D:3: 666 daAuts
  Temple: 137 daAuts
